 Dungeon Crawl Stone Soup version 0.19-a0-1002-g674d22e (webtiles) character file.

25 ololoev the Magician (level 2, -1/20 HPs)
             Began as a Demigod Wizard on July 18, 2016.
             Slain by an adder (5 damage)
             ... on level 2 of the Dungeon.
             The game lasted 00:03:40 (1224 turns).

ololoev the Magician (Demigod Wizard)               Turns: 1224, Time: 00:03:41

Health: -1/20      AC:  2    Str: 10    XL:     2   Next: 63%
Magic:  0/8        EV: 12    Int: 22    God:
Gold:   110        SH:  0    Dex: 14    Spells: 2 memorised, 3 levels left

rFire  . . .     SeeInvis .     e - +0 dagger
rCold  . . .     Gourm    .     a - +0 robe
rNeg   . . .     Faith    .     (no shield)
rPois  .         Spirit   .     b - +0 hat
rElec  .         Dismiss  .     (no cloak)
rCorr  .         Reflect  .     (no gloves)
SustAt +         Harm     .     (no boots)
MR     .....                    (no amulet)
Stlth  +.........               (no ring)
                                h - ring of loudness (curse)

@: lethally poisoned (-1 -> -7), very slightly contaminated, not resistant to
hostile enchantments, very unstealthy
A: high mp 1, sustain attributes
a: no special abilities


Innate Abilities, Weirdness & Mutations

You have an increased reservoir of magic. (+10% MP)
Your attributes are resistant to harm.

Inventory:

Hand Weapons
 e - a +0 dagger (weapon)
Armour
 a - a +0 robe (worn)
 b - a +0 hat (worn)
 p - a +0 ring mail
Jewellery
 h - a cursed ring of loudness (left hand)
Scrolls
 i - 3 scrolls of identify {unknown}
 k - 2 scrolls of amnesia {unknown}
 n - a scroll of magic mapping {unknown}
 o - a scroll of enchant armour {unknown}
Potions
 g - a potion of degeneration {unknown}
 j - a potion of curing {unknown}
 l - a potion of cure mutation {unknown}
 m - 2 potions of heal wounds {unknown}
Books
 c - a book of Minor Magic

   Spells                             Type                      Level
   a - Magic Dart                     Conjuration                  1
   b - Blink                          Translocation                2
   c - Call Imp                       Summoning                    2
   d - Repel Missiles                 Charms/Air                   2
   e - Slow                           Hexes                        2
   f - Conjure Flame                  Conjuration/Fire             3
   g - Mephitic Cloud                 Conjuration/Poison/Air       3
Comestibles
 d - a bread ration
 f - a beef jerky
 q - a meat ration


   Skills:
 + Level 1.0 Armour
 - Level 1.7 Dodging
 - Level 1.7 Stealth
 + Level 2.9 Spellcasting
 * Level 1.8 Conjurations
 - Level 0.8 Summonings
   Level 0.8 Translocations


You had 3 spell levels left.
You knew the following spells:

 Your Spells              Type           Power        Failure   Level  Hunger
a - Magic Dart            Conj           ##..         8%          1    None
b - Call Imp              Summ           #.......     14%         2    ##.....


You were on level 2 of the Dungeon.
You were hungry.

You visited 1 branch of the dungeon, and saw 2 of its levels.

You collected 110 gold pieces.

.#
#.#.############.#
.# #.#.# ..# #.#
.# #.#.# #.###.#
.# #.#.. ....#.#
.# #.### #.. #.#
.# #.# #.. #.# .#
#.# #.# #.# #.#
#.# ###@###.#
#.5S....#
#.#.#####
........#
.......## .......
.....?. .......
.......

Notes
Turn   | Place    | Note
-------+----------+-------------------------------------------
     0 | D:1      | ololoev the Demigod Wizard began the quest for the Orb.
     0 | D:1      | Reached XP level 1. HP: 14/14 MP: 6/6
   104 | D:1      | Reached skill level 1 in Conjurations
   296 | D:1      | Found a shattered altar of Ashenzari.
   554 | D:1      | Reached XP level 2. HP: 20/20 MP: 5/8
   641 | D:1      | Learned a level 2 spell: Call Imp
   960 | D:1      | Reached skill level 1 in Armour
  1224 | D:2      | Slain by an adder

Dungeon Overview and Level Annotations

Branches:
Dungeon (2/15)


Message History

There is a stone staircase leading down here.
A giant newt comes into view.
The giant newt hisses angrily.
A giant newt is nearby!
A giant newt is nearby!
Casting: Magic Dart
Confirm with . or Enter, or press ? or * to list all spells.
Aiming: Magic Dart
Press: ? - help, Shift-Dir - straight line, f - giant newt
Aim: a giant newt The magic dart hits the giant newt.
The giant newt is heavily wounded.
Casting: Magic Dart
Confirm with . or Enter, or press ? or * to list all spells.
Aiming: Magic Dart
Press: ? - help, Shift-Dir - straight line, f/p - giant newt
Aim: a giant newt (heavily wounded)
The magic dart hits the giant newt.
You kill the giant newt!
Casting: Magic Dart
Confirm with . or Enter, or press ? or * to list all spells.
You can't see any susceptible monsters within range! (Use Z to cast anyway.)
Casting: Magic Dart
Confirm with . or Enter, or press ? or * to list all spells.
You can't see any susceptible monsters within range! (Use Z to cast anyway.)
You see here a giant newt corpse.
m - 2 bubbling grey potions (gained 1)
An adder comes into view.
The adder hisses angrily.
An adder is nearby!
An adder is nearby!
Casting: Magic Dart
Confirm with . or Enter, or press ? or * to list all spells.
You miscast Call Imp.
You are very lightly contaminated with residual magic.
Shadowy shapes form in the air around you, then vanish.
Casting: Call Imp
Confirm with . or Enter, or press ? or * to list all spells.
You miscast Call Imp.
Shadowy shapes form in the air around you, then vanish.
Casting: Call Imp
Confirm with . or Enter, or press ? or * to list all spells.
A beastly little devil appears in a puff of frigid air.
Casting: Call Imp
Confirm with . or Enter, or press ? or * to list all spells.
A beastly little devil appears in a puff of flame.
The adder closely misses you.
Your crimson imp hits the adder.
Your crimson imp blinks!
You completely miss the adder.
The adder is lightly wounded.
The adder bites you.
Your crimson imp blinks!
Unknown command.
You miss the adder.
The adder is lightly wounded.
The adder misses you. The adder bites you.
Your white imp hits the adder.
Your white imp freezes the adder.
Unknown command.
You hit the adder but do no damage.
The adder is severely wounded.
The adder bites you.
Your white imp completely misses the adder.
Your crimson imp blinks!
Unknown command.
You barely miss the adder.
The adder is severely wounded.
The adder bites you.
Your white imp misses the adder.
Unknown command.
Casting: Call Imp
Confirm with . or Enter, or press ? or * to list all spells.
Aiming: Magic Dart
Press: ? - help, Shift-Dir - straight line, f - adder
Aim: an adder (severely wounded)
The magic dart hits the adder.
The adder is severely wounded.
The adder bites you.
You are lethally poisoned!
The adder poisons you! The adder bites you.
You die...

You could see an adder and a friendly white imp.

Vanquished Creatures
  A worm (D:1)
  A dart slug (D:1)
  5 bats (D:1)
  4 goblins (D:1)
  A hobgoblin (D:1)
  A ball python (D:1)
  3 giant newts
  3 kobolds
  2 rats (D:1)
21 creatures vanquished.

Action                   || total
-------------------------++-------
Melee: Dagger            ||     5
 Cast: Magic Dart        ||    51
       Call Imp          ||     2
Armor: Robe              ||     1
Dodge: Dodged            ||     7

Vault maps used:
D:1:      evilmike_arrival_run_for_it, ashenzari_altar_1
